 Seeded DCSS version 0.31-a0-180-g519b7de00c (webtiles) character file.

Game seed: 8530248832562905108 (custom seed)

4302 innerfire43 the Spear-Bearer (level 10, -2/76 HPs)
             Began as a Demonspawn Monk on June 19, 2023.
             Shot with an arrow by a centaur (3 damage)
             ... on level 8 of the Dungeon.
             The game lasted 00:07:38 (6694 turns).

innerfire43 the Spear-Bearer (Demonspawn Monk)      Turns: 6694, Time: 00:07:38

Health: -2/76      AC:  6    Str: 16    XL:     10   Next: 11%
Magic:  0/10       EV: 16    Int: 14    God:
Gold:   465        SH:  0    Dex: 21    Spells: 9/9 levels left

rFire   . . .        s - +7 spear of the Winnowing Big Fish {drain, rPois rN+ Int+2}
rCold   . . .        d - orb {light}
rNeg    + . .        b - +0 robe
rPois   +            (helmet restricted)
rElec   .            (no cloak)
rCorr   .            (no gloves)
SInv    .            o - +0 pair of boots
Will    .....        (no amulet)
Stlth   +            y - +6 ring of dexterity
HPRegen 0.32/turn    (no ring)
MPRegen 0.24/turn

%: guardian spirit
@: glowing
A: horns 1, thin metallic scales 2, magic shield, magic regeneration
a: no special abilities


You were on level 8 of the Dungeon.
You visited 1 branch of the dungeon, and saw 8 of its levels.

You collected 465 gold pieces.

Inventory:

Hand Weapons
 a - a +1 heavy spear
 c - the +6 sling "Tevevinn" {heavy, *Slow rElec rN++ Will- Dex+3}
   (You found it on level 6 of the Dungeon)

   Dex:       It affects your dexterity (+3).
   rElec:     It insulates you from electricity.
   rN:        It greatly protects you from negative energy.
   *Slow:     It may slow you when you take damage.
   Will:      It decreases your willpower.
 s - the +7 spear of the Winnowing Big Fish (weapon) {drain, rPois rN+ Int+2}
   (You found it on level 3 of the Dungeon)

   Int:       It affects your intelligence (+2).
   rPois:     It protects you from poison.
   rN:        It protects you from negative energy.
Armour
 b - a +0 robe (worn)
 d - an orb of light (worn)
 o - a +0 pair of boots (worn)
 q - a +0 helmet
Jewellery
 t - a ring of positive energy
 y - a +6 ring of dexterity (left hand)
 C - a ring of resist corrosion
 D - a ring of poison resistance
Wands
 A - a wand of light (6)
Scrolls
 e - 5 scrolls of teleportation
 f - 3 scrolls of fear
 g - a scroll of noise {unknown}
 j - 2 scrolls of enchant weapon
 k - a scroll of identify
 l - 2 scrolls of amnesia
 m - a scroll of revelation
 p - 2 scrolls of immolation
 B - a scroll of vulnerability
Potions
 i - 2 potions of lignification {unknown}
 n - 3 potions of degeneration {unknown}
 r - 2 potions of brilliance {unknown}
 u - 3 potions of enlightenment {unknown}
 v - a potion of magic {unknown}
 w - a potion of invisibility {unknown}
 x - 2 potions of mutation {unknown}
 z - a potion of haste {unknown}
 E - a potion of cancellation {unknown}


   Skills:
 + Level 6.2 Fighting
 * Level 11.2 Polearms
 + Level 5.5 Dodging
 + Level 4.0 Stealth


You had 9 spell levels left.
You didn't know any spells.
Your spell library contained the following spells:

 Spells                   Type           Power      Damage    Failure   Level
 Necrotise                Necr           0%         1d4       28%         1
 Cigotuvi's Dreadful Rot  Necr/Pois/Air  0%         N/A       41%         2
 Vampiric Draining        Necr           0%         2d6       65%         3
 Dispel Undead            Necr           0%         3d6       96%         4
 Agony                    Necr           0%         N/A       100%        5
 Death Channel            Necr           0%         N/A       100%        6


Dungeon Overview and Level Annotations

Branches:
Dungeon (8/15)             Temple (0/1) D:7
   Lair: D:8-11

Altars:
Ashenzari
Kikubaaqudgha
Qazlal
Sif Muna
Yredelemnul

Shops:
D:3 :

Annotations:
D:5 2 transporters, Menkaure
D:6 1 runed translucent door


Innate Abilities, Weirdness & Mutations

You have a pair of small horns on your head.
You are mostly covered in thin metallic scales. (AC +3)
When hurt, damage is shared between your health and your magic reserves.
You regenerate magic rapidly.


Message History

The centaur shouts!
You hit the two-headed ogre but do no damage.
You drain the two-headed ogre.
The two-headed ogre is severely wounded.
The orc misses you.
The two-headed ogre hits you with a +0 giant spiked club!! x2
The centaur wields a +0 orcbow.
The centaur shoots an arrow.
The arrow hits you!
* * * LOW HITPOINT WARNING * * *
You puncture the two-headed ogre!
The two-headed ogre is almost dead.
You hit the two-headed ogre. You drain the two-headed ogre.
You kill the two-headed ogre!
The centaur shoots an arrow.
The arrow closely misses you. The orc closely misses you.
Your Polearms skill increases to level 11!
Your Stealth skill increases to level 4!
You have reached level 10!
Your demonic ancestry asserts itself...
A pair of horns grows on your head!
Your +0 helmet falls away!
It was a potion of curing.
You feel better.
The centaur shoots an arrow.
The arrow barely misses you. The orc closely misses you.
You feel better.
The centaur shoots an arrow.
The arrow hits you!
* * * LOW HITPOINT WARNING * * *
The orc closely misses you.
A howler monkey comes into view.
You feel better.
The howler monkey howls!
The centaur shoots an arrow.
The arrow hits you!
* * * LOW HITPOINT WARNING * * *
The orc hits you with a +0 morningstar.
* * * LOW HITPOINT WARNING * * *
The howler monkey hoots and howls with incredible vigour!
The centaur shoots an arrow.
The arrow closely misses you. The cyclops hits you!
* * * LOW HITPOINT WARNING * * *
You hear a shout!
You hear an angry hiss.
The centaur shoots an arrow.
The arrow hits you.
You die...

# ##### ####....
#########.......
..########...............
..........#######........
.....##)@.# ##.......
#..o...# #.......
......C.!.# #.......
..........# #.......
...##.....# #....... h.
#....## ######....... .
#....# #....#.......
#.c.## ##..........#
#..## #..........#


You could see a cyclops, a centaur and an orc.

Vanquished Creatures
  A two-headed ogre (D:8)
  An unseen horror (shapeshifter) (D:8)
  Grinder (D:5)
  Prince Ribbit (D:5)
  A wyvern (D:7)
  Eustachio (D:5)
  Duvessa (D:4)
  2 ice beasts (D:6)
  An orc warrior (D:7)
  3 black bears
  2 centaurs
  3 ogres (D:7)
  Blork the orc (D:5)
  A kobold brigand (D:7)
  2 bullfrogs
  13 scorpions
  Dowan (D:4)
  A killer bee (D:6)
  2 howler monkeys (D:8)
  4 hounds
  4 orc priests
  2 orc wizards (D:7)
  5 iguanas
  4 adders
  2 shadow imps (D:6)
  3 white imps
  An ufetubus (D:5)
  2 dart slugs
  10 orcs
  3 bats (D:3)
  5 endoplasms
  7 giant cockroaches
  3 goblins
  5 hobgoblins
  9 kobolds
  4 quokkas
  3 ball pythons
  3 frilled lizards
  8 rats
126 creatures vanquished.

Notes
Turn   | Place    | Note
-------+----------+-------------------------------------------
     0 | D:1      | innerfire43 the Demonspawn Monk began the quest for the
                  | Orb.
     0 | D:1      | Reached XP level 1. HP: 18/18 MP: 1/1
   324 | D:1      | You fall into a shaft and drop 1 floor!
   409 | D:2      | Reached skill level 3 in Polearms
   409 | D:2      | Gained mutation: You regenerate magic rapidly. [demonic
                  | ancestry]
   409 | D:2      | Reached XP level 2. HP: 24/24 MP: 2/2
  1072 | D:2      | Identified the +0 helmet of Prudence {Will+ Str+4}
  1080 | D:2      | Gained mutation: You are partially covered in thin metallic
                  | scales. (AC +2) [demonic ancestry]
  1080 | D:2      | Reached XP level 3. HP: 29/29 MP: 3/3
  1290 | D:2      | Gained mutation: You are mostly covered in thin metallic
                  | scales. (AC +3) [demonic ancestry]
  1290 | D:2      | Reached XP level 4. HP: 20/35 MP: 4/4
  2045 | D:3      | Found Luextoh's Book Shop.
  2090 | D:3      | Found a broken altar of Ashenzari.
  2103 | D:3      | Reached skill level 4 in Polearms
  2123 | D:3      | Identified the +7 spear of the Winnowing Big Fish {drain,
                  | rPois rN+ Int+2}
  2489 | D:3      | Noticed a scorpion
  2492 | D:3      | Killed a scorpion
  2493 | D:3      | Reached XP level 5. HP: 41/41 MP: 5/5
  2791 | D:4      | Noticed Dowan
  2792 | D:4      | Noticed Duvessa
  2803 | D:4      | Killed Duvessa
  2804 | D:4      | Reached skill level 5 in Polearms
  2804 | D:4      | Reached XP level 6. HP: 17/48 MP: 6/6
  2807 | D:4      | Killed Dowan
  3124 | D:4      | Reached skill level 6 in Polearms
  3124 | D:4      | Reached skill level 1 in Stealth
  3183 | D:4      | Reached XP level 7. HP: 53/53 MP: 7/7
  3394 | D:5      | Entered Level 5 of the Dungeon
  3445 | D:5      | Found a shimmering blue altar of Sif Muna.
  3503 | D:5      | Noticed Eustachio
  3530 | D:5      | Killed Eustachio
  3576 | D:5      | Reached skill level 7 in Polearms
  3613 | D:5      | Found Betuhot's One-of-a-Kind Rings.
  3665 | D:5      | Noticed Blork the orc
  3674 | D:5      | Killed Blork the orc
  3789 | D:5      | Found a stormy altar of Qazlal.
  3810 | D:5      | Gained mutation: When hurt, damage is shared between your
                  | health and your magic reserves. [demonic ancestry]
  3810 | D:5      | Reached XP level 8. HP: 60/60 MP: 8/8
  3836 | D:5      | Found a transporter.
  3989 | D:5      | Found an ancient bone altar of Kikubaaqudgha.
  3990 | D:5      | Identified the ring of Woug {EV+5 Str+4 Dex+2 Slay+5}
  3991 | D:5      | Noticed Menkaure
  4024 | D:5      | Found a basalt altar of Yredelemnul.
  4028 | D:5      | Found a transporter.
  4133 | D:5      | Reached skill level 8 in Polearms
  4240 | D:5      | Noticed Prince Ribbit
  4243 | D:5      | Noticed Grinder
  4250 | D:5      | Killed Prince Ribbit
  4264 | D:5      | Paralysed by Grinder for 3 turns
  4285 | D:5      | Killed Grinder
  4581 | D:6      | Identified the +6 sling "Tevevinn" {heavy, *Slow rElec rN++
                  | Will- Dex+3}
  4617 | D:6      | Reached skill level 9 in Polearms
  4710 | D:6      | Reached skill level 5 in Fighting
  4710 | D:6      | Reached XP level 9. HP: 68/68 MP: 9/9
  4806 | D:6      | Found a runed translucent door.
  4808 | D:6      | Found a runed translucent door.
  5462 | D:7      | Reached skill level 10 in Polearms
  5648 | D:7      | Found a staircase to the Ecumenical Temple.
  5830 | D:7      | Reached skill level 5 in Dodging
  6605 | D:8      | Noticed an unseen horror
  6611 | D:8      | Killed an unseen horror
  6681 | D:8      | Noticed a two-headed ogre
  6682 | D:8      | Noticed a cyclops
  6690 | D:8      | Killed a two-headed ogre
  6691 | D:8      | Reached skill level 11 in Polearms
  6691 | D:8      | Gained mutation: You have a pair of small horns on your
                  | head. [demonic ancestry]
  6691 | D:8      | Reached XP level 10. HP: 14/76 MP: 3/10
  6693 | D:8      | HP: 1/76 [cyclops (14)]
  6694 | D:8      | Shot with an arrow by a centaur

Illustrated notes

Levels and vault maps discovered:
D:1:      saegor_arrival_fortress, layout_basic
D:2:      layout_basic, grunt_ministairs_4
D:3:      layout_loops_ring, mainiacjoe_overflow_chevrons, serial_shops, shop,
          bh_walls_and_bars
D:4:      layout_basic, minmay_misc_feat_pillars, uniq_duvessa
D:5:      layout_loops_ring, gammafunk_temple_of_torment, amcnicky_altar_gilded,
          nicolae_qazlal_general_emergency, nicolae_shop_unique_rings,
          kennysheep_generic_room_2, uniq_eustachio, uniq_grinder,
          uniq_prince_ribbit1, uniq_blork_the_orc
D:6:      lemuel_insect_pit, layout_loops_ring
D:7:      layout_loops_corners, tso_metal_star, temple_pool_b
D:8:      layout_cave_pods, small_chamber_with_monster, minmay_manual_monolith

Skill      XL: |  1  2  3  4  5  6  7  8  9 |
---------------+----------------------------+-----
Polearms       | 3 4 5 6 7 9 11 | 11.2
Dodging        | 3 4 5 |  5.5
Stealth        | 1 2 3 4 |  4.0
Fighting       | 4 5 6 |  6.2

Action                     |  1- 3 |  4- 6 |  7- 9 | 10-12 || total
---------------------------+-------+-------+-------+-------++-------
  Melee: Spear             |    89 |    90 |   253 |       ||   432
  Evoke: Wand              |       |       |     1 |       ||     1
    Use: Potion            |       |       |     3 |     3 ||     6
         Scroll            |       |       |     8 |       ||     8
   Stab: Sleeping          |       |     2 |     1 |       ||     3
 Armour: Robe              |    17 |    13 |    37 |       ||    67
  Dodge: Dodged            |    38 |    39 |   113 |     4 ||   194

Table legend: (Time is in decaauts)
 A = Elapsed time spent in this place.
 B = Non-inter-level travel time spent in this place.
 C = Inter-level travel time spent in this place.
 D = Time resting spent in this place.
 E = Time spent auto-exploring this place.
 F = Levels seen in this place.
 G = Mean time per level.
                   A        B        C        D        E       F      G
               +--------+--------+--------+--------+--------+-----+--------+
         Total |   6587 |   6354 |    233 |      0 |   5286 |   8 |  823.4 |
       Dungeon |   6587 |   6354 |    233 |      0 |   5286 |   8 |  823.4 |
               +--------+--------+--------+--------+--------+-----+--------+

Top non-repeatable levels by time:
     D:2: 1173 daAuts
     D:5: 1160 daAuts
     D:7: 1011 daAuts
     D:6: 815 daAuts
     D:3: 773 daAuts
     D:4: 772 daAuts
     D:1: 655 daAuts
     D:8: 225 daAuts
